 Dungeon Crawl Stone Soup version 0.31-a0-185-g9dded2c639 (webtiles) character file.

Game seed: 14072472628549439221

201 qw the Skirmisher (level 5, -4/29 HPs)
             Began as a Deep Elf Hunter on June 22, 2023.
             Slain by an ogre
             ... wielding a +0 giant club
              (15 damage)
             ... on level 3 of the Dungeon.
             The game lasted 00:01:01 (2539 turns).

qw the Skirmisher (Deep Elf Hunter)                 Turns: 2539, Time: 00:01:01

Health: -4/29      AC:  8    Str: 10    XL:     5   Next: 50%
Magic:  7/7        EV: 11    Int: 14    God:
Gold:   165        SH:  0    Dex: 18    Spells: 4/4 levels left

rFire   . . .        Y - +0 shortbow
rCold   + . .        (shield currently unavailable)
rNeg    . . .        d - +3 ring mail
rPois   .            (no helmet)
rElec   .            (no cloak)
rCorr   .            (no gloves)
SInv    .            (no boots)
Will    .....        g - amulet of the acrobat
Stlth   +            b - ring of protection from cold
HPRegen 0.24/turn    (no ring)
MPRegen 0.10/turn

%: acrobat
@: no status effects
A: no striking features
a: no special abilities


You were on level 3 of the Dungeon.
You visited 1 branch of the dungeon, and saw 4 of its levels.

You collected 165 gold pieces.


   Skills:
 + Level 1.5 Fighting
 - Level 9.0 Ranged Weapons
 - Level 2.4 Dodging
 - Level 1.2 Stealth


You had 4 spell levels left.
You didn't know any spells.
Your spell library was empty.

Inventory:

Hand Weapons
 Y - a +0 shortbow (weapon)
Armour
 d - a +3 ring mail (worn)
Jewellery
 b - a ring of protection from cold (left hand)
 g - an amulet of the acrobat (around neck)
Scrolls
 c - a scroll of teleportation
Potions
 a - a potion of enlightenment {unknown}
 e - a potion of curing {unknown}
 f - a potion of berserk rage {unknown}
 h - a potion of ambrosia {unknown}

Dungeon Overview and Level Annotations

Branches:
Dungeon (4/15)
 Temple: D:4-7

Altars:

Annotations:
D:3 1 runed translucent door, Crazy Yiuf
D:4 Natasha


Message History

The howler monkey barely misses you.
You shoot an arrow.
The arrow closely misses the howler monkey.
The howler monkey closely misses you.
You shoot an arrow.
The arrow hits the howler monkey but does no damage.
The howler monkey is moderately wounded.
The howler monkey hits you. x2
You shoot an arrow. The arrow hits the howler monkey!
The howler monkey is almost dead.
The howler monkey closely misses you.
You shoot an arrow.
The arrow closely misses the howler monkey.
The howler monkey hits you but does no damage.
The howler monkey closely misses you.
You shoot an arrow. The arrow hits the howler monkey.
You kill the howler monkey!
Your Ranged Weapons skill increases to level 9!
You start resting.
HP restored.
You see here a +0 scale mail.
Could not explore, unopened runed door.
(D) Dungeon
Where to? (* - list waypoints, Enter - D:4, ? - help)
What level of the Dungeon? (default 1, ? - help)
There is a stone staircase leading down here.
You climb downwards.
Level annotation: Natasha The ogre hits you with a +0 giant club!
There is a stone staircase leading up, spattered with blood here.
2537 ||| STAIRDANCE The ogre hits you with a +0 giant club!
You climb upwards.
Level annotation: 1 runed translucent door, Crazy Yiuf
There is a stone staircase leading down here.
You shoot an arrow. The arrow hits the ogre.
The ogre is lightly wounded.
The ogre hits you with a +0 giant club!
Ouch! That really hurt!
You die...

#............#####
#.....>...#......#
###.........#.#...##
#.............#...#
#.#.........###...#
#.......###.# #...##77
###.#..####.# #...#..77
#.#......%..###.......777
#...##..@O.............7.
#.####....######.##)..7.7
#.####...........###77777
#..........#....###
####..#.##........#######
###...............#.....
#.#.#..%................
##.#.#..#.#........##....
#.......#.#....#.#.......


You could see an ogre.

Vanquished Creatures
  A scorpion (D:3)
  A howler monkey (D:3)
  2 adders (D:2)
  A gnoll (D:1)
  3 worms
  2 dart slugs (D:1)
  4 ball pythons
  9 endoplasms
  3 giant cockroaches
  8 goblins
  7 hobgoblins
  2 jackals (D:3)
  2 quokkas
  7 bats
  6 frilled lizards
  8 kobolds
  A rat (D:2)
67 creatures vanquished.

Notes
Turn   | Place    | Note
-------+----------+-------------------------------------------
     0 | D:1      | qw the Deep Elf Hunter began the quest for the Orb.
     0 | D:1      | Reached XP level 1. HP: 12/12 MP: 3/3
     0 | D:1      | 0 ||| qw: Version: 0.3-a-9-g12657ce
     0 | D:1      | 0 ||| qw: Game counter: 1850
     0 | D:1      | 0 ||| qw: Always use a shield: true
     0 | D:1      | 0 ||| qw: God list: Okawaru
     0 | D:1      | 0 ||| qw: Allow faded altars: false
     0 | D:1      | 0 ||| qw: Do Orc after D:15 true
     0 | D:1      | 0 ||| qw: Do second Lair branch before Depths: true
     0 | D:1      | 0 ||| qw: Lair rune preference: random
     0 | D:1      | 0 ||| qw: Plans: Normal
     0 | D:1      | 0 ||| PLANNING D:1-11
   200 | D:1      | Reached XP level 2. HP: 16/16 MP: 4/4
   229 | D:1      | Reached skill level 6 in Ranged Weapons
   405 | D:1      | Found a faded altar of an unknown god.
   616 | D:1      | Reached XP level 3. HP: 20/20 MP: 5/5
   883 | D:1      | 883 ||| UPGRADING to +0 scale mail.
   893 | D:1      | 893 ||| DROPPING +0 leather armour.
   894 | D:1      | 894 ||| UPGRADING to amulet of the acrobat.
   899 | D:1      | 899 ||| READING scroll labelled CABBIPL FUODD.
   900 | D:1      | 900 ||| READING scroll labelled GUIRIX ACOCAWNOE.
   904 | D:1      | 904 ||| READING scroll labelled LIEMOSS XAOME.
   905 | D:1      | 905 ||| DROPPING scroll of butterflies.
   991 | D:2      | Reached skill level 7 in Ranged Weapons
  1090 | D:2      | HP: 4/20 [worm (7)]
  1378 | D:2      | Reached XP level 4. HP: 25/25 MP: 6/6
  1585 | D:2      | 1585 ||| UPGRADING to ring of protection from cold.
  1586 | D:2      | 1586 ||| READING scroll labelled WIOTWO MAAH.
  1587 | D:2      | 1587 ||| READING scroll labelled MOTEUL EG GEGG.
  1589 | D:2      | 1589 ||| Stepping ~*~*~tactically~*~*~ (cloud).
  1594 | D:2      | HP: 6/25 [poisoned by you (poison gas)]
  1698 | D:3      | 1698 ||| STAIRDANCE
  1958 | D:3      | Reached skill level 8 in Ranged Weapons
  2237 | D:3      | Found a runed translucent door.
  2238 | D:3      | Noticed Crazy Yiuf
  2256 | D:3      | Noticed a scorpion
  2263 | D:3      | Killed a scorpion
  2264 | D:3      | Reached XP level 5. HP: 28/29 MP: 7/7
  2380 | D:3      | 2380 ||| UPGRADING to +3 ring mail.
  2390 | D:3      | 2390 ||| DROPPING +0 scale mail.
  2416 | D:4      | Noticed Natasha
  2419 | D:4      | 2419 ||| FLEEEEING.
  2420 | D:4      | 2420 ||| FLEEEEING.
  2421 | D:4      | 2421 ||| FLEEEEING.
  2422 | D:4      | 2422 ||| FLEEEEING.
  2423 | D:4      | 2423 ||| FLEEEEING.
  2424 | D:4      | 2424 ||| STAIRDANCE
  2472 | D:4      | Noticed an ogre
  2474 | D:4      | 2474 ||| STAIRDANCE
  2483 | D:3      | Reached skill level 9 in Ranged Weapons
  2537 | D:4      | 2537 ||| STAIRDANCE
  2539 | D:3      | Slain by an ogre

Levels and vault maps discovered:
D:1:      psy_arrival_basics, layout_basic, chequers_ecumenical_altar_simple
D:2:      layout_basic
D:3:      layout_basic, uniq_crazy_yiuf_cottage
D:4:      layout_cave_pods, uniq_natasha

Skill      XL: |  1  2  3  4  5 |
---------------+----------------+-----
Ranged Weapons | 6 7 8 9 |  9.0
Fighting       | |  1.5
Dodging        | |  2.4
Stealth        | |  1.2

Action                     |  1- 3 |  4- 6 || total
---------------------------+-------+-------++-------
   Fire: Shortbow          |   109 |   117 ||   226
    Use: Scroll            |     3 |     2 ||     5
 Armour: Scale mail        |    12 |    70 ||    82
         Leather armour    |     1 |       ||     1
         Ring mail         |       |     1 ||     1
  Dodge: Dodged            |    26 |    59 ||    85

Table legend:
 A = Non-vault XP
 B = Vault XP
 C = Vault XP percentage of total XP
 D = Non-vault monster count
 E = Vault monster count
 F = Vault count percentage of total count
                 A         B        C        D         E       F
            +---------+---------+-------+---------+---------+-------
      Total |     288 |       0 |   0.0 |      67 |       0 |   0.0
            +---------+---------+-------+---------+---------+-------
        D:1 |      52 |       0 |   0.0 |      23 |       0 |   0.0
        D:2 |      70 |       0 |   0.0 |      24 |       0 |   0.0
        D:3 |     166 |       0 |   0.0 |      20 |       0 |   0.0
            +---------+---------+-------+---------+---------+-------
